 Dungeon Crawl Stone Soup version 0.21-a0-39-g28ea6b7 (webtiles) character file.

40 Duffy the Chopper (level 3, 0/29 HPs)
             Began as a Centaur Gladiator on May 31, 2017.
             Succumbed to an adder's poison
             ... on level 2 of the Dungeon.
             The game lasted 00:01:19 (1137 turns).

Duffy the Chopper (Centaur Gladiator)               Turns: 1137, Time: 00:01:20

Health: 0/29       AC:  7    Str: 17    XL:     3   Next: 30%
Magic:  3/3        EV:  8    Int:  7    God:
Gold:   41         SH:  0    Dex: 10    Spells: 2/2 levels left

rFire    . . .     SeeInvis .   a - +0 war axe
rCold    . . .     Gourm    .   (no shield)
rNeg     . . .     Faith    .   n - +0 scale mail
rPois    .         Spirit   .   c - +0 helmet
rElec    .         Reflect  .   (no cloak)
rCorr    .         Harm     .   (no gloves)
MR       .....                  (no barding)
Stlth    ..........             (no amulet)
Regen    0.1/turn               o - ring of stealth
MPRegen  0.1/turn               (no ring)

@: lethally poisoned (0 -> -15), very quick
A: hooves 3, deformed body, speed 2, tough skin 3
a: no special abilities


You were on level 2 of the Dungeon.
You were not hungry.

You visited 1 branch of the dungeon, and saw 2 of its levels.

You collected 41 gold pieces.

Inventory:

Hand Weapons
 a - a +0 war axe (weapon)
Missiles
 d - 3 throwing nets (quivered)
Armour
 c - a +0 helmet (worn)
 n - a +0 scale mail (worn)
Jewellery
 o - a ring of stealth (left hand)
Scrolls
 e - a scroll of noise {unknown}
 j - a scroll of teleportation
 k - a scroll of magic mapping {unknown}
 l - a scroll of immolation
Potions
 b - a potion of invisibility {unknown}
 h - a potion of heal wounds
 i - a potion of lignification {unknown}
 m - a potion of agility {unknown}
Comestibles
 f - a bread ration
 g - 3 chunks of flesh


   Skills:
 - Level 2.0 Fighting
 + Level 4.0 Axes
 - Level 2.1 Throwing
 - Level 2.1 Dodging


You had 2 spell levels left.
You didn't know any spells.

Dungeon Overview and Level Annotations

Branches:
Dungeon (2/15)

Altars:


Innate Abilities, Weirdness & Mutations

You have hooves in place of feet.
Armour fits poorly on your strangely shaped body.
You cover ground very quickly.
You have extremely tough skin. (AC +3)


Message History

You are too injured to fight recklessly!
You are too injured to fight recklessly!
You are too injured to fight recklessly!
You are too injured to fight recklessly!
You are too injured to fight recklessly!
You hit the adder. Your kick misses the adder.
The adder is heavily wounded.
You feel sick. The adder bites you. The adder closely misses you.
You miss the adder. Your kick misses the adder.
The adder is heavily wounded.
You feel sick. The adder bites you.
You are more poisoned.
The adder poisons you! The adder barely misses you.
You miss the adder.
The adder is heavily wounded.
You feel sick. The adder closely misses you.
Your scale mail prevents you from hitting the adder.
Your kick misses the adder.
The adder is heavily wounded.
You die...

#.........##'###
#.........#...#
#.........#...#
#.........#...#
###'#####.#...#
####### #.#
#.#)..# .......
#.# #.#...#
.......####.#
.....#
....!.S@....#
.......######
....... .......
#.##### #


You could see an adder.

Vanquished Creatures
  2 worms (D:2)
  A dart slug (D:1)
  2 leopard geckos
  A ball python (D:1)
  4 bats
  A giant cockroach (D:1)
  A goblin (D:1)
  4 hobgoblins
  5 jackals
  2 kobolds (D:1)
  A frilled lizard (D:1)
  2 rats (D:1)
26 creatures vanquished.

Notes
Turn   | Place    | Note
-------+----------+-------------------------------------------
     0 | D:1      | Duffy the Centaur Gladiator began the quest for the Orb.
     0 | D:1      | Reached XP level 1. HP: 17/17 MP: 1/1
    71 | D:1      | Reached skill level 3 in Axes
   225 | D:1      | Reached XP level 2. HP: 24/24 MP: 2/2
   774 | D:2      | Reached XP level 3. HP: 29/29 MP: 3/3
  1021 | D:2      | Reached skill level 4 in Axes
  1137 | D:2      | Succumbed to an adder's poison

Vault maps used:
D:1:      minmay_arrival_shattered_statue
D:2:      zin_academy, lemuel_doored_altar, minmay_misc_feat_chi

Skill      XL: |  1  2  3 |
---------------+----------+-----
Axes           | 3 4 |  4.0
Fighting       | |  2.0
Throwing       | |  2.1
Dodging        | |  2.1

Action                   || total
-------------------------++-------
Melee: War axe           ||    82
       Kick              ||    13
  Use: Scroll            ||     6
Armor: Leather armour    ||    22
       Scale mail        ||    29
Dodge: Dodged            ||    48
